 Dungeon Crawl Stone Soup version 0.30-a0-414-gcb316572d5 (webtiles) character file.

Game seed: 9000428573184446813

5404 lunkers the Slicer (level 11, -1/95 HPs)
             Began as a Meteoran Gladiator on Dec 7, 2022.
             Was a High Priest of Wu Jian.
             Killed from afar by a steam dragon (8 damage)
             ... with a ball of steam
             ... on level 8 of the Dungeon on Dec 8, 2022.
             The game lasted 00:18:04 (4357 turns).

lunkers the Slicer (Meteoran Gladiator)             Turns: 4357, Time: 00:18:04

Health: -1/95      AC: 14    Str: 18    XL:     11   Next: 18%
Magic:  12/12      EV: 17    Int: 10    God:    Wu Jian [*****.]
Gold:   379        SH:  0    Dex: 18    Spells: 10/10 levels left

rFire   . . .      SeeInvis .    a - +2 dagger (venom)
rCold   . . .      Faith    .    (no shield)
rNeg    + . .      Spirit   .    D - +0 acid dragon scales
rPois   .          Reflect  .    c - +1 helmet
rElec   .          Harm     .    i - +1 cloak {rCorr}
rCorr   +          Rampage  .    (no gloves)
Will    +....                    h - +0 pair of boots
Stlth   +.........               f - amulet of magic regeneration
HPRegen 0.35/turn                t - ring of wizardry
MPRegen 0.53/turn                u - ring of positive energy

@: glowing
A: sense surroundings 2, otherworldly, glowing, explore regen
a: Renounce Religion, Wall Jump, Serpent's Lash, Heavenly Storm


You were on level 8 of the Dungeon.
You worshipped Wu Jian.
Wu Jian was extremely pleased with you.
You visited 1 branch of the dungeon, and saw 8 of its levels.
You also visited: Ossuary.

You collected 379 gold pieces.

Inventory:

Hand Weapons
 a - a +2 dagger of venom (weapon)
 b - a +2 short sword of freezing
 p - a +2 dagger of protection
 E - a +0 rapier of chaos
Missiles
 d - 7 throwing nets
 e - a javelin
Armour
 c - a +1 helmet (worn)
 h - a +0 pair of boots (worn)
 i - a +1 cloak of preservation (worn)
 j - a scarf of harm
 s - a +0 helmet
 y - a +0 leather armour
 D - +0 acid dragon scales (worn)
Jewellery
 f - an amulet of magic regeneration (around neck)
 t - a ring of wizardry (left hand)
 u - a ring of positive energy (right hand)
 A - a ring of protection from cold
Wands
 r - a wand of flame (13)
 v - a wand of roots (8)
 G - a wand of digging (4)
Scrolls
 k - 3 scrolls of teleportation
 x - a scroll of enchant armour
 F - a scroll of enchant weapon {unknown}
 H - a scroll of amnesia {unknown}
Potions
 g - 3 potions of might
 l - a potion of lignification
 m - 2 potions of haste
 n - 2 potions of brilliance
 o - a potion of experience
 q - 4 potions of curing
 w - a potion of heal wounds
 z - 2 potions of flight
 B - a potion of magic
 C - a potion of attraction {unknown}


   Skills:
 + Level 8.5 Fighting
 - Level 10.0 Short Blades
 - Level 2.4 Throwing
 + Level 8.0 Armour
 + Level 9.0 Dodging
 * Level 5.3 Evocations


You had 10 spell levels left.
You didn't know any spells.
Your spell library contained the following spells:

 Spells                   Type           Power      Damage    Failure   Level
 Summon Small Mammal      Summ           0%         N/A       19%         1
 Sublimation of Blood     Necr           0%         N/A       28%         2
 Call Canine Familiar     Summ           0%         N/A       47%         3
 Summon Guardian Golem    Hex/Summ       0%         N/A       47%         3
 Petrify                  Tmut/Erth      0%         N/A       86%         4
 Irradiate                Conj/Tmut      0%         3d11      99%         5
 Yara's Violent Unravell  Hex/Tmut       0%         3d3       99%         5
 Enfeeble                 Hex            0%         N/A       100%        7


Dungeon Overview and Level Annotations

Branches:
Dungeon (8/15) Zot: 1125   Temple (0/1) D:4            Lair (0/5) D:8
Ossuary (visited)

Altars:
Nemelex Xobeh
Wu Jian
Xom
Zin

Shops:
D:5 !   D:8 (


Innate Abilities, Weirdness & Mutations

You passively map the area around you.
You are easily found by Zot.
You glow in the dark.
You regain HP and MP as you explore.


Message History

You closely miss the steam dragon.
The steam dragon is moderately wounded.
The steam dragon barely misses you. The steam dragon misses you.
You hit the steam dragon.
The steam dragon looks as sick as possible!
The steam dragon is heavily wounded.
You hit the steam dragon.
The steam dragon is heavily wounded.
You are engulfed in a cloud of scalding steam.
The steam dragon misses you.
The steam dragon claws you but does no damage.
You barely miss the steam dragon.
The steam dragon is severely wounded.
You hit the steam dragon but do no damage.
The steam dragon looks as sick as possible!
The steam dragon is severely wounded.
The steam dragon bites you but does no damage.
The steam dragon claws you but does no damage.
You hit the steam dragon but do no damage.
The steam dragon looks as sick as possible!
The steam dragon is severely wounded.
You hit the steam dragon but do no damage.
The steam dragon looks as sick as possible!
The steam dragon is severely wounded.
The steam dragon bites you!
* * * LOW HITPOINT WARNING * * *
The steam dragon barely misses you.
You barely miss the steam dragon.
The steam dragon is almost dead.
You hit the steam dragon but do no damage.
The steam dragon is almost dead.
The steam dragon bites you but does no damage.
The steam dragon completely misses you.
You closely miss the steam dragon.
The steam dragon is almost dead.
You barely miss the steam dragon.
The steam dragon is almost dead.
The steam dragon breathes steam at you. The ball of steam hits you!
You die...

, ** * , * , ~ * ,# ,.. ,
* * #.# . *** ,* ##'## *
,. ,, * ##...####### *# *
,, ##..........#### ., ,
##.........P..#.# *,
....####................
* ,
......D@.........♣......
,
,......##....†...........
.#..#, ##...............
## ....#..........♣... *,
, ###.##P.♣.)...†♣...
*,,,*,,, ,#.
#.....P.>♣.... * ,* ∩.
#.....♣....†.. #.
#...P....♣.).. *
#.*##............


You could see a steam dragon (extremely poisoned, catching breath).

Vanquished Creatures
  Joseph (D:8)
  Grinder (D:5)
  Prince Ribbit (D:5)
  3 wyverns (D:8)
  Eustachio (D:5)
  3 yaks (D:8)
  2 basilisks (D:8)
  3 acid dragons
  6 water moccasins
  An orc warrior (D:8)
  2 sky beasts (D:7)
  3 ogres
  A centaur (D:7)
  A phantom (D:5)
  Blork the orc (D:5)
  A necrophage (D:7)
  A bullfrog (D:7)
  A gnoll sergeant (D:7)
  4 scorpions
  2 water moccasin zombies (Ossuary)
  2 wights (D:4)
  5 killer bees (D:8)
  2 hounds
  5 orc priests
  A gnoll bouda (D:6)
  A jelly (D:4)
  Crazy Yiuf (D:5)
  Jessica (D:2)
  3 orc wizards
  2 scorpion zombies (D:4)
  2 iguanas
  A hound zombie (D:4)
  4 mummies
  Robin (D:2)
  2 adders (D:2)
  13 gnolls
  A white imp (D:7)
  An ufetubus (D:6)
  7 adder zombies
  A worm (D:2)
  21 orcs
  5 ball pythons
  2 bats
  6 endoplasms
  A giant cockroach (D:1)
  14 goblins
  9 hobgoblins
  2 jackals (D:2)
  A quokka (D:1)
  2 frilled lizards (D:1)
  3 gnoll zombies (Ossuary)
  4 hobgoblin zombies (Ossuary)
  9 kobolds
  6 kobold zombies (Ossuary)
  6 orc zombies
  A quokka zombie (D:4)
  3 rats
190 creatures vanquished.

Vanquished Creatures (others)
  A bush (D:8)
  8 fungi
  16 plants (D:8)
25 creatures vanquished.

Grand Total: 215 creatures vanquished

Notes
Turn   | Place    | Note
-------+----------+-------------------------------------------
     0 | D:1      | lunkers the Meteoran Gladiator began the quest for the Orb.
     0 | D:1      | Reached XP level 1. HP: 17/17 MP: 2/2
     8 | D:1      | Noticed an electric eel
    45 | D:1      | Reached XP level 2. HP: 18/24 MP: 3/3
   155 | D:1      | Reached skill level 4 in Short Blades
   156 | D:1      | Found a faded altar of an unknown god.
   166 | D:1      | Prayed at the altar of an unknown god.
   166 | D:1      | Became a worshipper of the Wu Jian Council
   166 | D:1      | Reached * piety under Wu Jian
   295 | D:2      | Reached XP level 3. HP: 3/29 MP: 4/4
   662 | D:2      | Noticed Robin
   685 | D:2      | Reached XP level 4. HP: 35/36 MP: 5/5
   689 | D:2      | Reached skill level 5 in Short Blades
   712 | D:2      | Killed Robin
   743 | D:2      | Found a sparkling altar of Nemelex Xobeh.
   821 | D:2      | Noticed Jessica
   830 | D:2      | HP: 1/36 [Jessica/nerve-wracking pain (11)]
   834 | D:2      | Killed Jessica
   835 | D:2      | Reached XP level 5. HP: 2/41 MP: 6/6
  1125 | D:2      | Glimpsed the power of Zot.
  1234 | D:3      | Found a glowing silver altar of Zin.
  1252 | D:3      | Reached skill level 6 in Short Blades
  1254 | D:3      | Reached ** piety under Wu Jian
  1414 | D:4      | Noticed an ogre
  1426 | D:4      | Killed an ogre
  1427 | D:4      | Reached XP level 6. HP: 25/48 MP: 7/7
  1445 | D:4      | Found a staircase to the Ecumenical Temple.
  1461 | D:4      | Reached skill level 7 in Short Blades
  1546 | D:4      | Reached XP level 7. HP: 26/55 MP: 8/8
  1601 | D:4      | Reached skill level 8 in Short Blades
  1770 | D:4      | Found a sand-covered staircase.
  1787 | Ossuary  | Entered an ossuary
  1827 | Ossuary  | Reached *** piety under Wu Jian
  1983 | Ossuary  | Reached XP level 8. HP: 63/66 MP: 9/9
  2197 | D:5      | Entered Level 5 of the Dungeon
  2197 | D:5      | Noticed Eustachio
  2219 | D:5      | Killed Eustachio
  2220 | D:5      | Reached skill level 9 in Short Blades
  2220 | D:5      | Reached skill level 1 in Armour
  2254 | D:5      | Noticed Prince Ribbit
  2268 | D:5      | HP: 3/67 [Prince Ribbit (16)]
  2269 | D:5      | Killed Prince Ribbit
  2310 | D:5      | Gained mutation: You passively map the area around you.
                  | [Meteoran growth]
  2310 | D:5      | Reached XP level 9. HP: 18/73 MP: 10/10
  2407 | D:5      | Noticed Blork the orc
  2415 | D:5      | Killed Blork the orc
  2416 | D:5      | Reached skill level 5 in Fighting
  2456 | D:5      | Found a runed translucent door.
  2457 | D:5      | Noticed Crazy Yiuf
  2463 | D:5      | Killed Crazy Yiuf
  2562 | D:5      | Noticed Grinder
  2580 | D:5      | Killed Grinder
  2581 | D:5      | Reached skill level 10 in Short Blades
  2581 | D:5      | Reached skill level 5 in Dodging
  2608 | D:5      | Found Afeqioho's Distillery.
  2667 | D:6      | Reached **** piety under Wu Jian
  2668 | D:6      | Reached skill level 1 in Evocations
  3536 | D:7      | Reached XP level 10. HP: 51/83 MP: 11/11
  3550 | D:7      | Reached skill level 5 in Armour
  3550 | D:7      | Reached skill level 5 in Evocations
  3697 | D:8      | Reached ***** piety under Wu Jian
  3857 | D:8      | Found a shimmering altar of Xom.
  4188 | D:8      | Found a staircase to the Lair.
  4188 | D:8      | Noticed Joseph
  4210 | D:8      | Killed Joseph
  4223 | D:8      | Reached XP level 11. HP: 44/94 MP: 12/12
  4340 | D:8      | Found Plog's Firing Range.
  4357 | D:8      | Killed from afar by a steam dragon

Illustrated notes

Levels and vault maps discovered:
D:1:      arrival_aquarium_a, layout_basic, shapermc_ecumenical_altar_pompeii,
          minmay_fountain_box, minmay_tiny_reverse_x
D:2:      layout_loops_corners, basic_altar, nicolae_elevator_lobby_plus,
          uniq_robin, uniq_jessica
D:3:      layout_basic, old_standard_altar
D:4:      layout_cave_pools, lemuel_mausoleum_altar_kikubaaqudgha,
          temple_pool_b, nicolae_ossuary_entry_giza,
          hangedman_decor_diamond_cutter
D:5:      minmay_bubble_buster, layout_basic, serial_shops, shop, uniq_edmund,
          uniq_crazy_yiuf_cottage, uniq_blork_the_orc, uniq_eustachio,
          uniq_prince_ribbit1, uniq_grinder
D:6:      layout_basic, mainiacjoe_overflow_brackets, minmay_divided_ellipse
D:7:      layout_basic, minmay_misc_feat_plants
D:8:      layout_loops_corners, grunt_temple_overflow_bloody_war,
          kennysheep_little_box, gammafunk_temple_overflow_claw,
          minmay_lair_entry_grove, special_room [special_room_orc],
          enter_bailey_5, hangedman_decor_peaks_small, roderic_serpentine_path,
          nicolae_shop_firing_range, uniq_joseph

Skill      XL: |  1  2  3  4  5  6  7  8  9 10 11 |
---------------+----------------------------------+-----
Short Blades   | 4 5 6 7 8 9 10 | 10.0
Fighting       | 3 4 6 8 |  8.5
Armour         | 2 4 7 8 |  8.0
Dodging        | 4 6 8 9 |  9.0
Evocations     | 4 5 |  5.3
Throwing       | |  2.4

Action                   |  1- 3 |  4- 6 |  7- 9 | 10-12 || total
-------------------------+-------+-------+-------+-------++-------
Melee: Rapier            |    84 |       |    21 |       ||   105
       Dagger            |    18 |   196 |   366 |   301 ||   881
       Punch             |     1 |     2 |    12 |     7 ||    22
       Short sword       |       |       |   228 |    15 ||   243
Invok: Lunge             |     3 |    14 |    24 |    14 ||    55
       Whirlwind         |       |     1 |       |     4 ||     5
Evoke: Wand              |       |     6 |     6 |     4 ||    16
  Use: Scroll            |       |       |    13 |     2 ||    15
       Potion            |       |       |     1 |     2 ||     3
Armor: Leather armour    |    39 |    56 |   107 |     4 ||   206
       Acid dragon scale |       |       |       |    82 ||    82
Dodge: Dodged            |    62 |    78 |   165 |   106 ||   411

Table legend: (Time is in decaauts)
 A = Elapsed time spent in this place.
 B = Non-inter-level travel time spent in this place.
 C = Inter-level travel time spent in this place.
 D = Time resting spent in this place.
 E = Time spent auto-exploring this place.
 F = Levels seen in this place.
 G = Mean time per level.
                   A        B        C        D        E       F      G
               +--------+--------+--------+--------+--------+-----+--------+
         Total |   3901 |   3757 |    144 |      0 |   2075 |   9 |  433.4 |
       Dungeon |   3673 |   3529 |    144 |      0 |   2012 |   8 |  459.1 |
       Ossuary |    227 |    227 |      0 |      0 |     63 |   1 |  227.0 |
               +--------+--------+--------+--------+--------+-----+--------+

Top non-repeatable levels by time:
     D:2: 919 daAuts
     D:7: 548 daAuts
     D:8: 511 daAuts
     D:6: 438 daAuts
     D:4: 423 daAuts
     D:5: 416 daAuts
 Ossuary: 227 daAuts
     D:1: 214 daAuts
     D:3: 201 daAuts
